Map: Ephemeron LE

Players

Adnap

  • Race: Terran Terran
  • League: Grandmaster
  • Spawn Location: 11:00

Maplez - Winner!

  • Race: Protoss Protoss
  • League: Grandmaster
  • Spawn Location: 5:00

VOD

Have the link to the VOD?

Description

Time

  • Played on: Dec. 14, 2019, 11:57 p.m.
  • Length: 7:31
Show
View Real Time Build Order
Export as new Build Order

Adnap Terran 

Build Orders: Liberator Opening 

Get SALT Encoding   

  12  0:02  SCV  
  13  0:14  SCV  
  13  0:20  Supply Depot  
  14  0:26  SCV  
  15  0:31  Refinery  
  15  0:41  SCV  
  16  0:49  Barracks  
  16  0:54  SCV  
  17  1:02  Refinery  
  17  1:06  SCV  
  18  1:18  SCV  
  19  1:36  Orbital Command  
  19  1:37  Reaper  
  20  1:43  Factory  
  20  1:53  Supply Depot  
  20  2:02  SCV  
  21  2:10  Barracks Reactor  
  21  2:17  SCV  
  22  2:29  Factory Tech Lab  
  22  2:35  Starport  
  22  2:36  SCV  
  23  2:48  Marine x2  
  25  2:54  Siege Tank  
  25  2:56  SCV  
  27  3:01  Supply Depot  
  27  3:07  Marine x2  
  27  3:12  SCV  
  29  3:25  Marine x2  
  29  3:26  Siege Tank  
  32  3:29  SCV  
  33  3:37  Supply Depot  
  33  3:41  SCV  
  34  3:44  Marine  
  34  3:45  Liberator, Marine  
  39  4:02  Supply Depot  
  39  4:11  Siege Tank  
  39  4:16  Marine  
  43  4:18  Marine  
  44  4:30  Supply Depot  
  44  4:34  Liberator  
  44  4:37  Marine x2  
  46  4:46  Siege Tank  
  52  4:58  Supply Depot  
  52  5:01  Marine  
  52  5:05  Marine  
  54  5:19  Siege Tank  
  57  5:34  Marine x2  
  58  5:49  Orbital Command  
  55  6:28  Refinery  
  55  6:29  Refinery  
  55  6:41  Supply Depot  
  55  6:47  Supply Depot x2  
Show
View Real Time Build Order
Export as new Build Order

Maplez Protoss - Winner!

Build Orders:  

Get SALT Encoding   

  12  0:00  Probe  
  13  0:12  Probe  
  14  0:17  Pylon  
  14  0:24  Probe (Chrono Boost)  
  15  0:37  Probe (Chrono Boost)  
  15  0:39  Gateway  
  16  0:45  Probe (Chrono Boost)  
  16  0:49  Assimilator  
  17  0:51  Probe  
  18  1:03  Probe  
  19  1:15  Probe  
  20  1:27  Probe  
  20  1:28  Zealot, Cybernetics Core  
  20  1:31  Pylon  
  23  1:56  Nexus  
  23  1:57  Probe  
  24  2:03  Stalker (Chrono Boost)  
  26  2:12  Pylon  
  25  2:17  Assimilator  
  25  2:19  Warp Gate (Chrono Boost)  
  25  2:23  Stalker (Chrono Boost)  
  27  2:36  Pylon  
  28  2:37  Probe  
  28  2:49  Probe  
  27  2:57  Stalker  
  29  3:06  Robotics Facility  
  28  3:27  Gateway, Stalker  
  28  3:30  Gateway  
  30  3:45  Probe x2  
  32  3:51  Immortal (Chrono Boost)  
  36  3:59  Probe  
  37  4:03  Probe  
  37  4:05  Stalker  
  40  4:19  Warp Prism (Chrono Boost)  
  42  4:27  Stalker  
  44  4:33  Stalker  
  46  4:39  Stalker  
  48  4:49  Observer  
  49  5:04  Shield Battery, Probe x2  
  51  5:08  Stalker  
  51  5:11  Observer  
  53  5:16  Probe  
  53  5:20  Pylon  
  54  5:40  Stalker x3  
  60  5:57  Pylon  
  60  6:09  Stalker  
  62  6:15  Immortal (Chrono Boost)  
  66  6:19  Zealot x2  
  68  6:38  Pylon x3  
  37  7:24  Zealot  
  37  7:25  Zealot  
  37  7:28  Cybernetics Core  
Tags
 
Add a new tag
Caveats
  • Supply blocks, unpowered buildings, or Contaminate may cause inaccurate times.
  • Supply counts are checked every 10 seconds.